Map: Jagannatha LE

Players

Spatz - Winner!

  • Race: Protoss Protoss
  • League: Grandmaster
  • Spawn Location: 1:00

Vanya

  • Race: Zerg Zerg
  • League: Grandmaster
  • Spawn Location: 7:00

Event: DreamHack SC2 Masters 2020 Winter

VOD

Have the link to the VOD?

Description

Time

  • Played on: Oct. 16, 2020, 1:33 p.m.
  • Length: 6:03

All games in this series

Show
View Real Time Build Order
Export as new Build Order

Spatz Protoss - Winner!

Build Orders: 1 Gate Expand 

Get SALT Encoding   

  12  0:00  Probe  
  13  0:14  Pylon  
  13  0:17  Probe (Chrono Boost)  
  14  0:27  Probe (Chrono Boost)  
  15  0:32  Probe (Chrono Boost)  
  16  0:41  Gateway  
  16  0:43  Probe  
  17  0:54  Assimilator  
  17  0:56  Probe  
  18  1:08  Probe  
  19  1:20  Probe  
  20  1:28  Cybernetics Core  
  20  1:36  Nexus  
  20  1:44  Pylon  
  20  1:46  Probe  
  21  1:52  Assimilator  
  21  2:01  Adept (Chrono Boost)  
  21  2:04  Warp Gate  
  23  2:12  Gateway  
  23  2:19  Pylon  
  23  2:23  Probe  
  23  2:28  Adept  
  26  2:35  Probe  
  27  2:37  Robotics Facility  
  27  2:47  Probe  
  27  2:49  Probe  
  29  2:58  Stalker  
  29  2:59  Probe  
  29  3:03  Probe (Chrono Boost)  
  34  3:15  Probe (Chrono Boost)  
  34  3:16  Probe (Chrono Boost)  
  35  3:21  Warp Prism (Chrono Boost)  
  35  3:26  Sentry  
  40  3:34  Pylon  
  40  3:36  Probe  
  40  3:38  Gateway  
  39  3:48  Immortal (Chrono Boost)  
  43  3:55  Adept  
  43  4:02  Gateway  
  45  4:09  Gateway  
  45  4:15  Immortal (Chrono Boost)  
  49  4:33  Stalker, Gateway  
  49  4:36  Pylon  
  51  4:40  Gateway  
  51  5:06  Stalker x3  
  57  5:07  Pylon, Zealot x2  
  61  5:28  Adept x3  
  63  5:29  Stalker  
  69  5:37  Pylon  
  67  5:53  Pylon  
  67  6:02  Stalker x2  
Show
View Real Time Build Order
Export as new Build Order

Vanya Zerg 

Build Orders: Pool First 

Get SALT Encoding   

  12  0:00  Drone  
  13  0:13  Overlord  
  13  0:16  Drone  
  14  0:31  Drone x2  
  16  0:42  Spawning Pool  
  15  0:53  Drone  
  16  1:00  Drone  
  17  1:10  Hatchery  
  16  1:15  Drone  
  16  1:17  Extractor  
  16  1:29  Zergling x6  
  19  1:36  Queen  
  21  1:43  Overlord  
  21  1:51  Drone  
  22  2:02  Drone  
  23  2:12  Queen  
  25  2:15  Drone  
  25  2:18  Metabolic Boost  
  26  2:23  Drone  
  26  2:25  Drone  
  28  2:33  Drone  
  29  2:44  Drone  
  29  2:50  Drone  
  31  2:53  Hatchery  
  31  2:55  Drone  
  31  2:59  Queen  
  31  3:04  Overlord  
  33  3:08  Drone  
  34  3:16  Drone x2  
  34  3:19  Overlord  
  36  3:24  Drone x2  
  36  3:26  Drone x2  
  40  3:32  Overlord  
  40  3:40  Drone x2  
  42  3:44  Drone x2  
  42  3:46  Roach Warren  
  42  3:48  Extractor  
  42  3:53  Drone  
  42  3:57  Drone x3  
  42  4:01  Drone  
  42  4:02  Drone  
  47  4:04  Extractor  
  47  4:08  Zergling x8  
  49  4:18  Zergling x6  
  49  4:24  Spore Crawler  
  48  4:33  Roach x5  
  59  4:39  Zergling x6  
  59  4:43  Overlord  
  61  4:46  Overlord  
  61  4:52  Overlord  
  61  4:57  Drone  
  61  4:58  Drone x2  
  63  5:00  Drone, Spore Crawler  
  63  5:09  Drone x2  
  63  5:10  Drone x3  
  68  5:17  Roach x2  
  73  5:22  Roach x3  
  73  5:25  Overlord  
  73  5:27  Ravager x3  
  82  5:33  Overlord  
  82  5:34  Overlord  
  80  5:39  Overlord  
  78  5:44  Overlord  
  78  5:45  Zergling x2  
Tags
 
Add a new tag
Caveats
  • Supply blocks, unpowered buildings, or Contaminate may cause inaccurate times.
  • Supply counts are checked every 10 seconds.